 Dungeon Crawl Stone Soup version 0.19-a0-1002-g674d22e (webtiles) character file.

452 HAL9000 the Ruffian (level 6, -1/47 HPs)
             Began as a Draconian Transmuter on July 18, 2016.
             Was a Follower of Cheibriados.
             Succumbed to an orc wizard's poison
             ... on level 4 of the Dungeon.
             The game lasted 00:08:59 (4465 turns).

HAL9000 the Ruffian (Draconian Transmuter)          Turns: 4465, Time: 00:09:00

Health: -1/47      AC:  2    Str: 16    XL:     6   Next: 75%
Magic:  3/9        EV: 19    Int: 15    God:    Cheibriados [*.....]
Gold:   254        SH:  0    Dex: 21    Spells: 3 memorised, 3 levels left

rFire  . . .     SeeInvis .       - Unarmed
rCold  . . .     Gourm    .     (armour unavailable)
rNeg   . . .     Faith    .     (shield currently unavailable)
rPois  x         Spirit   .     (helmet currently unavailable)
rElec  .         Dismiss  .     (cloak currently unavailable)
rCorr  .         Reflect  .     (gloves currently unavailable)
SustAt .         Harm     .     (boots currently unavailable)
MR     .....                    (no amulet)
Stlth  ++........               (no ring)
                                m - +2 ring of dexterity

@: lethally poisoned (-1 -> -60), spider-form (expiring), very slow, not
resistant to hostile enchantments, unstealthy
A: unfitting armour, (cold-blooded), AC +6
a: End Transformation, Bend Time, Renounce Religion


You were on level 4 of the Dungeon.
You worshipped Cheibriados.
Cheibriados was aware of your devotion.
You were hungry.
You were a venomous arachnid creature.
You visited 2 branches of the dungeon, and saw 5 of its levels.

You collected 254 gold pieces.

Inventory:

Missiles
 a - 47 arrows
Armour
 h - a +2 cloak (melded)
Jewellery
 m - a +2 ring of dexterity (left front leg)
 y - an uncursed ring of fire {unknown}
Wands
 z - a wand of polymorph (20/24)
Scrolls
 e - 4 scrolls of identify {unknown}
 g - a scroll of random uselessness {unknown}
 i - a scroll of amnesia {unknown}
 j - a scroll of fog {unknown}
 k - a scroll of enchant weapon {unknown}
 l - 2 scrolls of remove curse {unknown}
 r - a scroll of enchant armour {unknown}
 v - 2 scrolls of teleportation {unknown}
 w - a scroll of fear {unknown}
 A - a scroll of noise {unknown}
Potions
 d - 2 potions of curing {unknown}
 o - a potion of flight {unknown}
 q - a potion of might {unknown}
 s - a potion of cure mutation {unknown}
 t - 2 potions of heal wounds {unknown}
 x - a potion of berserk rage {unknown}
Books
 b - a book of Changes

   Spells                             Type                      Level
   a - Beastly Appendage              Transmutation                1
   b - Sticks to Snakes               Transmutation                2
   c - Spider Form                    Transmutation/Poison         3
   d - Ice Form                       Ice/Transmutation            4
   e - Blade Hands                    Transmutation                5
Comestibles
 c - 3 bread rations
 f - 2 fruits
 n - a meat ration
 u - a beef jerky


   Skills:
 - Level 1.1 Fighting
 - Level 1.7 Dodging
 + Level 6.0 Unarmed Combat
 - Level 2.0 Spellcasting
 + Level 5.2 Transmutations


You had 3 spell levels left.
You knew the following spells:

 Your Spells              Type           Power        Failure   Level  Hunger
a - Beastly Appendage     Tmut           ###...       10%         1    #......
b - Sticks to Snakes      Tmut           ###.....     14%         2    ###....
c - Spider Form           Tmut/Pois      #.........   45%         3    ###....


Dungeon Overview and Level Annotations

Branches:
Dungeon (4/15)             Temple (1/1) D:4

Altars:
Cheibriados
Elyvilon
Fedhas
Hepliaklqana
Okawaru
Qazlal
Uskayaw
Yredelemnul


Innate Abilities, Weirdness & Mutations

((Your plain brown scales are hard. (AC +6)))
Your body does not fit into most forms of armour.
((You are cold-blooded and may be slowed by cold attacks.))


Message History

You feel sick.
Your ball python seems less confused.
Something barely misses you.
You hit something.
* * * LOW HITPOINT WARNING * * *
You feel sick. Something hits you.
* * * LOW HITPOINT WARNING * * *
You are more poisoned.
You bite something!
* * * LOW HITPOINT WARNING * * *
You feel very sick. Something hits you.
* * * LOW HITPOINT WARNING * * *
You hit something.
* * * LOW HITPOINT WARNING * * *
You feel sick. Something hits you.
* * * LOW HITPOINT WARNING * * *
You are more poisoned.
You barely miss something.
You die...

#....#..#....#..........'...##..#
+....#..#....#..........#........
#....#..#....#..........#......(.
######..####.#..........#.#######
.....#..####.##....##+###.####..#
.....#.....#..#....'..#....#.....
.....#.....#..#....#..#....#.....
.....#.....#..#.{[.#..#....#.....
.....#.....#..#.sS.#..#....#.>...
.....#..####.##.S..#..##..#######
...###..####.#....#########
...'.........#....#
...#.........#....#
...#.........'....#
...###########....# #### ######


You could see a friendly adder and a friendly ball python.

Vanquished Creatures
  An ice beast (D:4)
  3 scorpions (D:4)
  A howler monkey (D:4)
  An orc priest (D:4)
  2 worker ants (D:4)
  4 adders
  An adder skeleton (D:4)
  3 dart slugs
  5 giant geckos
  5 orcs
  A ball python (D:1)
  2 giant cockroaches
  5 hobgoblins
  5 jackals
  2 quokkas (D:3)
  8 bats
  A giant gecko skeleton (D:4)
  9 giant newts
  4 goblins
  5 kobolds
  9 rats
77 creatures vanquished.

Vanquished Creatures (collateral kills)
  A worker ant (D:4)
  2 adders (D:2)
  An ooze (D:3)
  2 worms (D:2)
  An orc (D:3)
  A giant cockroach (D:3)
  A goblin (D:3)
  A hobgoblin (D:3)
  3 jackals (D:3)
13 creatures vanquished.

Vanquished Creatures (others)
  An orc (D:3)
1 creature vanquished.

Grand Total: 91 creatures vanquished

Notes
Turn   | Place    | Note
-------+----------+-------------------------------------------
     0 | D:1      | HAL9000 the Draconian Transmuter began the quest for the Orb.
     0 | D:1      | Reached XP level 1. HP: 16/16 MP: 3/3
   463 | D:1      | Reached XP level 2. HP: 23/23 MP: 3/5
   784 | D:1      | Reached XP level 3. HP: 24/28 MP: 4/6
  1119 | D:2      | Learned a level 2 spell: Sticks to Snakes
  1123 | D:2      | Learned a level 3 spell: Spider Form
  1324 | D:2      | Reached skill level 4 in Unarmed Combat
  1502 | D:2      | Reached XP level 4. HP: 19/35 MP: 5/7
  2232 | D:3      | Found a basalt altar of Yredelemnul.
  2324 | D:3      | Found a faded altar of an unknown god.
  2627 | D:4      | Reached XP level 5. HP: 7/40 MP: 3/8
  2957 | D:4      | Found a staircase to the Ecumenical Temple.
  2966 | Temple   | Entered the Ecumenical Temple
  2976 | Temple   | Became a worshipper of Cheibriados the Contemplative
  3031 | D:4      | Reached skill level 5 in Unarmed Combat
  3057 | D:4      | HP: 2/40 [poisoned by a scorpion]
  3065 | D:4      | HP: 1/40 [poisoned by a scorpion]
  3431 | D:4      | Reached XP level 6. HP: 29/47 MP: 5/9
  3731 | D:4      | Noticed an ice beast
  3767 | D:4      | Killed an ice beast
  4000 | D:4      | Reached skill level 5 in Transmutations
  4458 | D:4      | Reached * piety under Cheibriados
  4458 | D:4      | Reached skill level 6 in Unarmed Combat
  4464 | D:4      | HP: 2/47 [something (3)]
  4465 | D:4      | Succumbed to an orc wizard's poison

Vault maps used:
D:1:      evilmike_arrival_plus
D:2:      kennysheep_generic_room_2
D:3:      lemuel_doored_altar, ecumenical_altar_2, grunt_ministairs_2
D:4:      first_bread, nicolae_gozag_cash_rules_everything_around_me
Temple:   eino_temple_rhombus

Skill      XL: |  1  2  3  4  5  6 |
---------------+-------------------+-----
Transmutations | 3 4 5 |  5.2
Unarmed Combat | 4 5 6 |  6.0
Fighting       | |  1.1
Dodging        | |  1.7
Spellcasting   | |  2.0

Action                   |  1- 3 |  4- 6 || total
-------------------------+-------+-------++-------
Melee: Unarmed           |   146 |   158 ||   304
       Tailslap          |    13 |    17 ||    30
       Punch             |     2 |     2 ||     4
       Headbutt          |     7 |    10 ||    17
       Kick              |    17 |    20 ||    37
 Cast: Beastly Appendage |    24 |    22 ||    46
       Sticks to Snakes  |     2 |    22 ||    24
       Spider Form       |       |     1 ||     1
 Stab: Distracted        |       |     3 ||     3
  Eat: Chunk             |     2 |     9 ||    11
       Fruit             |       |     4 ||     4
Armor: Skin              |    69 |    57 ||   126
Dodge: Dodged            |   100 |   111 ||   211
